 Dungeon Crawl Stone Soup version 0.29.0-13-gc9e81de378 (webtiles) character file.

Game seed: 10370084686277788005

40 Pim the Grasshopper (level 3, 0/28 HPs)
             Began as a Human Warper on Sept 10, 2022.
             Slain by Terence
             ... wielding a +1 mace of protection
              (3 damage)
             ... on level 2 of the Dungeon.
             The game lasted 00:01:51 (2082 turns).

Pim the Grasshopper (Human Warper)                  Turns: 2082, Time: 00:01:52

Health: 0/28       AC:  5    Str: 11    XL:     3   Next: 72%
Magic:  6/6        EV: 10    Int: 13    God:
Gold:   39         SH:  3    Dex: 14    Spells: 4/6 levels left

rFire   . . .      SeeInvis .   a - +0 falchion
rCold   . . .      Faith    .   f - +0 buckler
rNeg    . . .      Spirit   .   o - +0 ring mail
rPois   .          Reflect  .   (no helmet)
rElec   .          Harm     .   (no cloak)
rCorr   .          Rampage  .   (no gloves)
Will    .....                   (no boots)
Stlth   +.........              (no amulet)
HPRegen 0.09/turn               (no ring)
MPRegen 0.10/turn               (no ring)

@: no status effects
A: no striking features
a: no special abilities


You were on level 2 of the Dungeon.
You visited 1 branch of the dungeon, and saw 2 of its levels.

You collected 39 gold pieces.

Inventory:

Hand Weapons
 a - a +0 falchion (weapon)
Missiles
 d - 4 boomerangs of dispersal (quivered)
Armour
 b - a +0 leather armour
 f - a +0 buckler (worn)
 o - a +0 ring mail (worn)
Scrolls
 c - a scroll of blinking
 e - a scroll of enchant armour {unknown}
 g - a scroll of silence {unknown}
 j - a scroll of magic mapping {unknown}
 l - 2 scrolls of identify {unknown}
 q - 2 scrolls of teleportation {unknown}
Potions
 h - 3 potions of lignification {unknown}
 i - a potion of heal wounds {unknown}
 m - a potion of might {unknown}
 n - a potion of degeneration {unknown}
 p - a potion of curing {unknown}


   Skills:
 * Level 2.5 Fighting
 + Level 2.2 Long Blades
 + Level 1.4 Throwing
 - Level 1.2 Armour
 + Level 2.2 Dodging
 + Level 0.1 Shields
 + Level 2.1 Spellcasting
 * Level 3.3 Translocations


You had 4 spell levels left.
You knew the following spells:

 Your Spells              Type           Power      Damage    Failure   Level
a - Blink                 Tloc           20%        N/A       32%         2

Your spell library contained the following spells:

 Spells                   Type           Power      Damage    Failure   Level
 Gell's Gravitas          Tloc           10%        N/A       54%         3
 Lesser Beckoning         Tloc           10%        N/A       54%         3
 Teleport Other           Tloc           10%        N/A       54%         3
 Manifold Assault         Tloc           10%        N/A       99%         5


Dungeon Overview and Level Annotations

Branches:
Dungeon (2/15)

Altars:

Annotations:
D:2 Terence


Message History

Terence hits you but does no damage.
You hit Terence but do no damage.
Terence is moderately wounded.
Terence hits you with a +1 mace of protection!
You barely miss Terence.
Terence is moderately wounded.
Terence closely misses you. Terence barely misses you.
You hit Terence.
Terence is heavily wounded.
Terence barely misses you.
Throw: 6 boomerangs (disperse)
Press: ? - help, Q - select action Shift-Dir - straight line, f/p - Terence
Aim: Terence, wielding a +1 mace of protection and wearing a +4 chain mail of fire resistance (heavily wounded, 67% to hit)
You throw a boomerang of dispersal.
The boomerang of dispersal hits Terence but does no damage.
Terence is heavily wounded.
Terence hits you with a +1 mace of protection.
You barely miss Terence.
Terence is heavily wounded.
Terence hits you with a +1 mace of protection.
You hit Terence but do no damage.
Terence is heavily wounded.
Terence hits you with a +1 mace of protection.
Terence bares his teeth.
You block Terence's attack.
You hit Terence.
Terence is severely wounded.
Terence hits you with a +1 mace of protection.
* * * LOW HITPOINT WARNING * * *
Throw: 5 boomerangs (disperse)
Press: ? - help, Q - select action Shift-Dir - straight line, f/p - Terence
Aim: Terence, wielding a +1 mace of protection and wearing a +4 chain mail of fire resistance (severely wounded, 67% to hit)
You throw a boomerang of dispersal.
The boomerang of dispersal hits Terence but does no damage.
Terence is severely wounded.
You block Terence's attack.
You barely miss Terence.
Terence is severely wounded.
Terence hits you with a +1 mace of protection.
You die...

.........................
#####.......#####..####.
#.......#####.@# ##
#............... #.
#............... #.
#........###...## ##
#........####..#####
##.@.......#........
#.@###..### ......
#...##..#####.####.
#...##........# ##
#..####......##
#$...........#
##......#<#### ..######.#
#.# #.# #.# #.#


You could see Terence.

Vanquished Creatures
  An adder (D:1)
  A dart slug (D:1)
  A bat (D:1)
  An endoplasm (D:1)
  3 giant cockroaches (D:1)
  7 hobgoblins (D:1)
  2 quokkas (D:1)
  A frilled lizard (D:1)
  6 goblins (D:1)
  A rat (D:1)
24 creatures vanquished.

Notes
Turn   | Place    | Note
-------+----------+-------------------------------------------
     0 | D:1      | Pim the Human Warper began the quest for the Orb.
     0 | D:1      | Reached XP level 1. HP: 16/16 MP: 3/3
   513 | D:1      | Reached XP level 2. HP: 15/22 MP: 5/5
   717 | D:1      | Learned a level 2 spell: Blink
  1124 | D:1      | Reached XP level 3. HP: 28/28 MP: 6/6
  1729 | D:2      | Noticed Terence
  2082 | D:2      | Slain by Terence

Illustrated notes

Levels and vault maps discovered:
D:1:      tarquinn_simple_flora_water_e, layout_basic, minmay_worlds_worst_comb
D:2:      layout_basic, shapermc_ecumenical_altar_hornbeckon,
          hangedman_decor_growths, uniq_terence

Action                   || total
-------------------------++-------
Melee: Falchion          ||    99
Throw: Dart              ||     5
       Boomerang         ||     3
 Stab: Sleeping          ||     1
Armor: Leather armour    ||    18
       Ring mail         ||     3
Dodge: Dodged            ||    64
Block: Buckler           ||    13
